 Dungeon Crawl Stone Soup version 0.25-a0-403-g49d089a364 (webtiles) character file.

Game seed: 7352852332630520555, levelgen mode: deterministic

1323 ChaosChampion the Conjurer (level 8, -5/52 HPs)
             Began as a Demonspawn Wizard on Jan 9, 2020.
             Was an Initiate of Vehumet.
             Slain by an orc warrior
             ... wielding a +0 flail
              (25 damage)
             ... on level 7 of the Dungeon.
             The game lasted 00:41:24 (7280 turns).

ChaosChampion the Conjurer (Demonspawn Wizard)      Turns: 7280, Time: 00:41:25

Health: -5/52      AC:  6    Str:  8    XL:     8   Next: 33%
Magic:  17/17      EV: 13    Int: 21    God:    Vehumet [......]
Gold:   214        SH:  0    Dex: 12    Spells: 11/19 levels left

rFire    + . .     SeeInvis +   x - +4 quarterstaff (chaos)
rCold    . . .     Gourm    .   (shield currently unavailable)
rNeg     . . .     Faith    .   a - +1 robe
rPois    .         Spirit   .   b - +0 hat
rElec    .         Reflect  .   y - +0 cloak
rCorr    .         Harm     .   (no gloves)
MR       +....                  (no boots)
Stlth    ++........             (no amulet)
HPRegen  0.17/turn              r - ring of protection from magic
MPRegen  0.15/turn              o - ring of see invisible

@: no status effects
A: yellow scales 1, fire resistance 1, powered by pain 2, flame cloud immunity
a: Renounce Religion


You were on level 7 of the Dungeon.
You worshipped Vehumet.
Vehumet was noncommittal.
You were not hungry.

You visited 2 branches of the dungeon, and saw 8 of its levels.

You collected 310 gold pieces.
You spent 96 gold pieces at shops.

Inventory:

Hand Weapons
 k - a +0 spear
 l - a +2 dagger of venom
 t - a +0 war axe
 x - a +4 quarterstaff of chaos (weapon)
 H - a +2 dagger of venom
Armour
 a - a +1 robe (worn)
 b - a +0 hat (worn)
 v - a +0 robe
 y - a +0 cloak (worn)
Jewellery
 g - an uncursed ring of teleportation
 n - an uncursed amulet of inaccuracy
 o - a ring of see invisible (right hand)
 r - a ring of protection from magic (left hand)
 I - an uncursed ring of wizardry {unknown}
Wands
 u - a wand of flame (18)
 B - a wand of random effects (25)
 F - a wand of iceblast (7)
Scrolls
 f - 2 scrolls of teleportation
 w - 2 scrolls of enchant weapon
 A - a scroll of enchant armour
 D - a scroll of amnesia
 E - 3 scrolls of identify
 J - a scroll of remove curse
Potions
 c - 2 potions of berserk rage {unknown}
 e - 4 potions of degeneration {unknown}
 i - 2 potions of lignification {unknown}
 j - 6 potions of curing {unknown}
 q - a potion of ambrosia {unknown}
 s - 3 potions of might
 z - a potion of cancellation {unknown}
 C - a potion of brilliance {unknown}
 G - a potion of haste {unknown}
 K - a potion of resistance {unknown}
Miscellaneous
 p - a fan of gales
Comestibles
 d - 3 rations


   Skills:
 - Level 1.0 Staves
 + Level 2.9 Dodging
 + Level 2.4 Stealth
 - Level 0.9 Unarmed Combat
 + Level 6.1 Spellcasting
 * Level 7.2 Conjurations
   Level 1.0 Summonings
 + Level 1.3 Translocations
 + Level 0.2 Fire Magic


You had 11 spell levels left.
You knew the following spells:

 Your Spells              Type           Power        Failure   Level  Hunger
a - Magic Dart            Conj           ####         1%          1    None
b - Blink                 Tloc           N/A          9%          2    None
c - Conjure Flame         Conj/Fire      ###.....     6%          3    ##.....
d - Slow                  Hex            #.......     14%         2    None

Your spell library contained the following spells:

 Spells                   Type           Power        Failure   Level  Hunger
 Call Imp                 Summ           ##......     10%         2    None
 Mephitic Cloud           Conj/Pois/Air  ###.....     11%         3    ##.....


Dungeon Overview and Level Annotations

Branches:
Dungeon (7/15)             Temple (1/1) D:5

Altars:
Ashenzari
Cheibriados
Dithmenos
Elyvilon
Fedhas
Gozag
Hepliaklqana
Kikubaaqudgha
Makhleb
Nemelex Xobeh
Ru
Sif Muna
Uskayaw
Vehumet
Wu Jian
Xom
Yredelemnul
The Shining One

Shops:
D:7 ?


Innate Abilities, Weirdness & Mutations

You are partially covered in yellow scales. (AC +2)
Your flesh is heat resistant. (rF+)
You sometimes gain power by taking damage.
You are immune to clouds of flame.


Message History

Casting: Magic Dart (safe; 1% risk of failure)
Confirm with . or Enter, or press ? or * to list all spells.
Aiming: Magic Dart (safe; 1% risk of failure)
Press: ? - help, Shift-Dir - straight line, f/p - orc warrior
Aim: an orc warrior, wielding a +0 flail and wearing a +0 plate armour The magic dart hits the orc warrior.
The orc warrior is lightly wounded.
Casting: Magic Dart (safe; 1% risk of failure)
Confirm with . or Enter, or press ? or * to list all spells.
Aiming: Magic Dart (safe; 1% risk of failure)
Press: ? - help, Shift-Dir - straight line, f/p - orc warrior
Aim: an orc warrior, wielding a +0 flail and wearing a +0 plate armour (lightly wounded)
The magic dart hits the orc warrior but does no damage.
The orc warrior is lightly wounded.
The orc warrior hits you with a +0 flail!!
You focus on the pain.
You feel your power returning.
There is a stone staircase leading up here.
You can't go down here!
The orc warrior hits you with a +0 flail!!
You die...

### ....# #######.###
##... ##....#....#
###...###
#.........#####........
#.............#.......#
#........÷............
#............###.#...#
##..........##..∩....#
###.@o#.......#.##...
#..###........# ##.
#### #..##....# .
##.####...####.....
#...#)..### ###..#
####...)##.## ..#
#...........# .#
#.....###..## # #..####
##..#


You could see an orc warrior.

Vanquished Creatures
  Menkaure (D:5)
  A water moccasin (D:7)
  A sky beast (D:5)
  An ogre (D:4)
  2 bullfrogs (D:6)
  A howler monkey (D:6)
  A hound (D:4)
  Crazy Yiuf (D:3)
  An orc priest (D:7)
  Ijyb (D:4)
  2 bullfrog skeletons (D:4)
  2 iguanas
  3 orc wizards (D:5)
  6 worker ants
  A hound skeleton (D:4)
  Robin (D:4)
  5 gnolls
  A worker ant zombie (D:3)
  11 adders
  An ooze (D:1)
  A worm (D:4)
  A dart slug (D:1)
  4 leopard geckos
  12 orcs
  9 giant cockroaches
  9 hobgoblins
  5 jackals
  8 kobolds
  2 quokkas (D:2)
  A ball python skeleton (D:4)
  7 bats
  5 frilled lizards
  11 goblins
  A jackal skeleton (D:4)
  5 rats
  2 fungi (D:3)
127 creatures vanquished.

Vanquished Creatures (others)
  A fungus (D:5)
1 creature vanquished.

Grand Total: 128 creatures vanquished

Notes
Turn   | Place    | Note
-------+----------+-------------------------------------------
     0 | D:1      | ChaosChampion the Demonspawn Wizard began the quest for the
                  | Orb.
     0 | D:1      | Reached XP level 1. HP: 13/13 MP: 4/4
   368 | D:1      | Gained mutation: Your flesh is heat resistant. (rF+)
                  | [demonic ancestry]
   368 | D:1      | Reached XP level 2. HP: 17/19 MP: 4/6
  1153 | D:1      | Gained mutation: You are immune to clouds of flame.
                  | [demonic ancestry]
  1153 | D:1      | Reached XP level 3. HP: 10/24 MP: 2/8
  1796 | D:2      | Reached skill level 2 in Conjurations
  1804 | D:2      | Learned a level 2 spell: Blink
  1888 | D:2      | Gained mutation: You are partially covered in yellow
                  | scales. (AC +2) [demonic ancestry]
  1888 | D:2      | Reached XP level 4. HP: 30/30 MP: 2/9
  2338 | D:2      | Reached skill level 1 in Translocations
  2445 | D:2      | Found a shattered altar of Ashenzari.
  2863 | D:3      | Gained mutation: You sometimes gain a little power by
                  | taking damage. [demonic ancestry]
  2863 | D:3      | Reached XP level 5. HP: 25/35 MP: 0/11
  2909 | D:2      | Reached skill level 3 in Conjurations
  3610 | D:3      | Found a runed translucent door.
  3611 | D:3      | Noticed Crazy Yiuf
  3618 | D:3      | Learned a level 3 spell: Conjure Flame
  3633 | D:3      | Killed Crazy Yiuf
  3683 | D:4      | Reached XP level 6. HP: 38/41 MP: 0/12
  3925 | D:4      | Found a glowing drain.
  3926 | D:4      | You fall into a shaft and drop 1 floor!
  3926 | D:5      | Entered Level 5 of the Dungeon
  3929 | D:5      | Noticed Menkaure
  4214 | D:4      | Reached skill level 4 in Conjurations
  4434 | D:4      | Noticed Robin
  4447 | D:4      | Killed Robin
  4630 | D:4      | Reached skill level 5 in Spellcasting
  4642 | D:4      | Reached skill level 1 in Staves
  4642 | D:4      | Reached XP level 7. HP: 46/46 MP: 5/14
  4655 | D:4      | Reached skill level 5 in Conjurations
  5086 | D:4      | Noticed Ijyb
  5109 | D:4      | Killed Ijyb
  5246 | D:5      | Found a blossoming altar of Fedhas.
  5296 | D:5      | Killed Menkaure
  5315 | D:5      | Reached skill level 6 in Conjurations
  5444 | D:5      | Found the +2 ratskin cloak {+Rats rPois rN+ Str-1 Int-1
                  | Dex+1}
  5627 | D:5      | Found a staircase to the Ecumenical Temple.
  5712 | Temple   | Entered the Ecumenical Temple
  5752 | Temple   | Became a worshipper of Vehumet
  6015 | D:6      | Gained mutation: You sometimes gain power by taking damage.
                  | [demonic ancestry]
  6015 | D:6      | Reached XP level 8. HP: 52/52 MP: 10/16
  6019 | D:6      | Learned a level 2 spell: Slow
  6726 | D:7      | Reached skill level 7 in Conjurations
  6963 | D:6      | HP: 1/52 [orc warrior/+0 scimitar (20)]
  7203 | D:7      | Found Wocaecw's Magic Scroll Emporium.
  7208 | D:7      | Bought a scroll of teleportation for 36 gold pieces
  7208 | D:7      | Bought a scroll of identify for 24 gold pieces
  7208 | D:7      | Bought a scroll of remove curse for 36 gold pieces
  7210 | D:7      | Noticed a hippogriff
  7280 | D:7      | Slain by an orc warrior

Levels and vault maps discovered:
D:1:      dpeg_arrival_concentric_ovals, layout_basic, serial_glass,
          glass_columns_c, glass_columns_b
D:2:      layout_loops_corners, ashenzari_altar_1
D:3:      layout_rooms, first_ration, lemuel_flame_loot_1,
          uniq_crazy_yiuf_cottage
D:4:      layout_basic, gup_sewer_entry_glass, uniq_ijyb, uniq_robin
D:5:      layout_rooms, minmay_temple_entry_purple_smoke, fedhas_altar_3,
          uniq_menkaure
D:6:      layout_loops_ring
D:7:      layout_cave_pools, zin_purify, gammafunk_temple_overflow_elements,
          serial_shops, nicolae_shop_crystal
Temple:   compressed_dpeg_circular_temple

Skill      XL: |  1  2  3  4  5  6  7  8 |
---------------+-------------------------+-----
Dodging        | 2 |  2.9
Conjurations   | 2 3 4 6 7 |  7.2
Stealth        | 2 |  2.4
Translocations | 1 |  1.3
Spellcasting   | 4 5 6 |  6.1
Staves         | 1 |  1.0
Unarmed Combat | |  0.9
Summonings     | |  1.0
Fire Magic     | |  0.2

Action                   |  1- 3 |  4- 6 |  7- 9 || total
-------------------------+-------+-------+-------++-------
Melee: Unarmed           |    32 |       |       ||    32
       Dagger            |       |    61 |       ||    61
       Quarterstaff      |       |    30 |    59 ||    89
 Cast: Magic Dart        |    99 |   165 |   156 ||   420
       Blink             |       |     2 |     6 ||     8
       Conjure Flame     |       |     4 |     2 ||     6
       Slow              |       |       |     2 ||     2
  Use: Scroll            |       |     8 |     2 ||    10
       Potion            |       |       |     3 ||     3
  Eat: Chunk             |     2 |     2 |     6 ||    10
       Ration            |     1 |     1 |     1 ||     3
Armor: Robe              |     9 |    19 |    25 ||    53
Dodge: Dodged            |    60 |    69 |    49 ||   178

Table legend:
 A = Non-vault XP
 B = Vault XP
 C = Vault XP percentage of total XP
 D = Non-vault monster count
 E = Vault monster count
 F = Vault count percentage of total count
                 A         B        C        D         E       F
            +---------+---------+-------+---------+---------+-------
      Total |    1569 |     321 |  17.0 |     110 |      15 |  12.0
            +---------+---------+-------+---------+---------+-------
        D:1 |      68 |       0 |   0.0 |      27 |       0 |   0.0
        D:2 |     123 |       0 |   0.0 |      22 |       0 |   0.0
        D:3 |     112 |      41 |  26.8 |      14 |       1 |   6.7
        D:4 |     412 |     108 |  20.8 |      22 |      13 |  37.1
        D:5 |     288 |     172 |  37.4 |       8 |       1 |  11.1
        D:6 |     314 |       0 |   0.0 |      11 |       0 |   0.0
        D:7 |     252 |       0 |   0.0 |       6 |       0 |   0.0
            +---------+---------+-------+---------+---------+-------
